TOP OF THE 1ST |
---|
UCLA Bruins batting - Pitching for Stanford Cardinal : RHP Kyle Sears | Pitching: RHP Kyle Sears | | Batting: RHB Kent Bannatyne | 0-0: Foul Ball, location: 2F 0-1: Ball 1-1: Swinging Strike 1-2: SINGLE (Line Drive, 89M) | Batting: RHB Lance Cherry | 0-0: Ball 1-0: Ball 2-0: Grounds into double play, 6-4-3 (Groundball, 6) | Batting: LHB Federico Medina | 0-0: Called Strike 0-1: Foul Ball, location: 2F 0-2: Foul Ball, location: 2F 0-2: Strikes out swinging | Top of the 1st over - 0 runs, 1 hit, 0 errors, 0 left on base; UCLA 0 - Stanford 0 | BOTTOM OF THE 1ST |
---|
Stanford Cardinal batting - Pitching for UCLA Bruins : RHP Clifton Davis | Pitching: RHP Clifton Davis | | Batting: LHB José Soto | 0-0: Called Strike 0-1: Ball 1-1: Bunt missed! 1-2: Foul Ball, location: 2F 1-2: Ground out 4-3 (Groundball, 4) | Batting: LHB Terry Barton | 0-0: Called Strike 0-1: Ball 1-1: Ground out U3 (Groundball, 3) | Batting: SHB Gary King | 0-0: Ball 1-0: Ball 2-0: Foul Ball, location: 2F 2-1: Foul Ball, location: 2F 2-2: Strikes out swinging | Bottom of the 1st over - 0 runs, 0 hits, 0 errors, 0 left on base; UCLA 0 - Stanford 0 | TOP OF THE 2ND |
---|
UCLA Bruins batting - Pitching for Stanford Cardinal : RHP Kyle Sears | Batting: LHB Manny Kennedy | 0-0: Called Strike 0-1: Ball 1-1: Foul Ball, location: 2F 1-2: Foul Ball, location: 2F 1-2: Ball 2-2: Ball 3-2: Strikes out looking | Batting: RHB Jorge Pacheco | 0-0: Ground out 5-3 (Groundball, 56) | Batting: RHB Juan Valdéz | 0-0: Called Strike 0-1: DOUBLE (Line Drive, 89XD) | Batting: RHB Phil Thomas | 0-0: Called Strike 0-1: Ball 1-1: Ball 2-1: Ball 3-1: Foul Ball, location: 2F 3-2: SINGLE (Line Drive, 9LS) Juan Valdéz to third Juan Valdéz scores | Batting: RHB John Pineau | 0-0: Ball Phil Thomas is caught stealing 2nd base | Top of the 2nd over - 1 run, 2 hits, 0 errors, 0 left on base; UCLA 1 - Stanford 0 | BOTTOM OF THE 2ND |
---|
Stanford Cardinal batting - Pitching for UCLA Bruins : RHP Clifton Davis | Batting: RHB Greg Nichols | 0-0: Called Strike 0-1: SINGLE (Flyball, 7S) | Batting: RHB Rick McDonald | 0-0: Ball 1-0: Called Strike 1-1: Ball 2-1: Ball 3-1: Base on Balls Greg Nichols to second | Batting: RHB Dave Rogers | 0-0: Called Strike 0-1: Swinging Strike 0-2: Ball 1-2: Strikes out swinging | Batting: RHB Dave Bennett | 0-0: Ball 1-0: Foul Ball, location: 2F 1-1: Ball 2-1: Fielders Choice at 2nd, 1-6 (Groundball, 13S) Greg Nichols to third | Batting: RHB Flint Ballard | 0-0: Ball 1-0: Swinging Strike 1-1: Ball 2-1: SINGLE (Line Drive, 6MD) Greg Nichols scores Dave Bennett to second | Batting: RHB Aaron Grant | 0-0: Fly out, F7 (Line Drive, 7) | Bottom of the 2nd over - 1 run, 2 hits, 0 errors, 2 left on base; UCLA 1 - Stanford 1 | TOP OF THE 3RD |
---|
UCLA Bruins batting - Pitching for Stanford Cardinal : RHP Kyle Sears | Batting: RHB John Pineau | 0-0: Fly out, F7 (Flyball, 7LDF) | Batting: SHB Lee Townsend | 0-0: SOLO HOME RUN (Flyball, 9LD), Distance : 341 ft | Batting: RHB Kent Bannatyne | 0-0: Ball 1-0: Foul Ball, location: 2F 1-1: Foul Ball, location: 2F 1-2: Foul Ball, location: 2F 1-2: Ball 2-2: Ground out 5-3 (Groundball, 56S) | Batting: RHB Lance Cherry | 0-0: Swinging Strike 0-1: Ball 1-1: Fly out, F5 (Popup, 56S) | Top of the 3rd over - 1 run, 1 hit, 0 errors, 0 left on base; UCLA 2 - Stanford 1 | BOTTOM OF THE 3RD |
---|
Stanford Cardinal batting - Pitching for UCLA Bruins : RHP Clifton Davis | Batting: LHB José Soto | 0-0: Foul Ball, location: 2F 0-1: Ball 1-1: Foul Ball, location: 2F 1-2: Foul Ball, location: 2F 1-2: Ball 2-2: Ball 3-2: Foul Ball, location: 2F 3-2: Foul Ball, location: 2F 3-2: SINGLE (Flyball, 78M) | Batting: LHB Terry Barton | 0-0: Ball 1-0: Called Strike 1-1: Grounds into double play, 6-4-3 (Groundball, 6) | Batting: SHB Gary King | 0-0: Swinging Strike 0-1: Fly out, F5 (Popup, 5SF) | Bottom of the 3rd over - 0 runs, 1 hit, 0 errors, 0 left on base; UCLA 2 - Stanford 1 | TOP OF THE 4TH |
---|
UCLA Bruins batting - Pitching for Stanford Cardinal : RHP Kyle Sears | Batting: LHB Federico Medina | 0-0: Swinging Strike 0-1: Ball 1-1: Swinging Strike 1-2: Ball 2-2: Ball 3-2: Ground out 4-3 (Groundball, 4) | Batting: LHB Manny Kennedy | 0-0: Called Strike 0-1: Ball 1-1: Ball 2-1: Ball 3-1: Foul Ball, location: 2F 3-2: Base on Balls | Batting: RHB Jorge Pacheco | 0-0: Foul Ball, location: 2F 0-1: Ball 1-1: Ball 2-1: Ball 3-1: Base on Balls Manny Kennedy to second | Batting: RHB Juan Valdéz | 0-0: Called Strike 0-1: Called Strike 0-2: Ball 1-2: Ball 2-2: Foul Ball, location: 2F 2-2: Ball 3-2: Base on Balls Manny Kennedy to third Jorge Pacheco to second | Batting: RHB Phil Thomas | 0-0: Ball 1-0: Called Strike 1-1: Foul Ball, location: 2F 1-2: Ball 2-2: Ball 3-2: SINGLE (Flyball, 8RS) Manny Kennedy scores Jorge Pacheco to third Juan Valdéz to second Runner from 3rd tries for Home, SAFE, throw made home | Batting: RHB John Pineau | 0-0: Called Strike 0-1: Grounds into double play, 5-4-3 (Groundball, 5) | Top of the 4th over - 2 runs, 1 hit, 0 errors, 1 left on base; UCLA 4 - Stanford 1 | BOTTOM OF THE 4TH |
---|
Stanford Cardinal batting - Pitching for UCLA Bruins : RHP Clifton Davis | Batting: RHB Greg Nichols | 0-0: Ball 1-0: Foul Ball, location: 2F 1-1: Ball 2-1: Swinging Strike 2-2: Strikes out swinging | Batting: RHB Rick McDonald | 0-0: Called Strike 0-1: Foul Ball, location: 2F 0-2: Ball 1-2: SINGLE (Line Drive, 34D) | Batting: RHB Dave Rogers | 0-0: Ball 1-0: Ball 2-0: Ball 3-0: Base on Balls Rick McDonald to second | Batting: RHB Dave Bennett | 0-0: Foul Ball, location: 2F 0-1: Ball 1-1: Ball 2-1: Fly out, F3 (Popup, 3DF) | Batting: RHB Flint Ballard | 0-0: Ball 1-0: Called Strike 1-1: Ball 2-1: Foul Ball, location: 2F 2-2: Foul Ball, location: 2F 2-2: Strikes out swinging | Bottom of the 4th over - 0 runs, 1 hit, 0 errors, 2 left on base; UCLA 4 - Stanford 1 | TOP OF THE 5TH |
---|
UCLA Bruins batting - Pitching for Stanford Cardinal : RHP Kyle Sears | Pitching: LHP Leonard Rowland | | Batting: SHB Lee Townsend | 0-0: Foul Ball, location: 2F 0-1: Swinging Strike 0-2: Strikes out swinging | Batting: RHB Kent Bannatyne | 0-0: Foul Ball, location: 2F 0-1: Foul Ball, location: 2F 0-2: Ball 1-2: Ground out 6-3 (Groundball, 6) | Batting: RHB Lance Cherry | 0-0: Called Strike 0-1: Foul Ball, location: 2F 0-2: Ball 1-2: Ball 2-2: Ball 3-2: Base on Balls | Batting: LHB Federico Medina | 0-0: Ball 1-0: Fly out, F8 (Line Drive, 8RM) | Top of the 5th over - 0 runs, 0 hits, 0 errors, 1 left on base; UCLA 4 - Stanford 1 | BOTTOM OF THE 5TH |
---|
Stanford Cardinal batting - Pitching for UCLA Bruins : RHP Clifton Davis | Batting: RHB Aaron Grant | 0-0: Ball 1-0: Ball 2-0: Ball 3-0: Base on Balls | Batting: LHB José Soto | 0-0: Fly out, F4 (Popup, 4) | Batting: LHB Terry Barton | 0-0: Called Strike 0-1: Ball 1-1: Foul Ball, location: 2F 1-2: Ball 2-2: SINGLE (Flyball, 78M) Aaron Grant to second | Pitching: RHP Cory Holmes | | Batting: SHB Gary King | 0-0: Called Strike 0-1: Ball 1-1: Swinging Strike 1-2: Ball 2-2: Ball 3-2: Foul Ball, location: 2F 3-2: Grounds into double play, 4-6-3 (Groundball, 4) | Bottom of the 5th over - 0 runs, 1 hit, 0 errors, 1 left on base; UCLA 4 - Stanford 1 | TOP OF THE 6TH |
---|
UCLA Bruins batting - Pitching for Stanford Cardinal : LHP Leonard Rowland | Batting: LHB Manny Kennedy | 0-0: Called Strike 0-1: Hit by Pitch | Batting: RHB Jorge Pacheco | 0-0: Called Strike 0-1: Foul Ball, location: 2F 0-2: Strikes out looking | Batting: RHB Juan Valdéz | 0-0: Ball 1-0: Ball 2-0: Swinging Strike 2-1: Ball 3-1: Base on Balls Manny Kennedy to second | Batting: RHB Phil Thomas | 0-0: Ball 1-0: Ball 2-0: Ball 3-0: Called Strike 3-1: Base on Balls Manny Kennedy to third Juan Valdéz to second | Batting: RHB John Pineau | 0-0: Ball 1-0: Fly out, F8 (Flyball, 78D) Runner from 3rd tags up, SCORES, throw made | Batting: SHB Lee Townsend | 0-0: Called Strike 0-1: Foul Ball, location: 2F 0-2: Ball 1-2: Foul Ball, location: 2F 1-2: Foul Ball, location: 2F 1-2: Fly out, F8 (Flyball, 8LXD) | Top of the 6th over - 1 run, 0 hits, 0 errors, 2 left on base; UCLA 5 - Stanford 1 | BOTTOM OF THE 6TH |
---|
Stanford Cardinal batting - Pitching for UCLA Bruins : RHP Cory Holmes | Batting: RHB Greg Nichols | 0-0: Ball 1-0: Swinging Strike 1-1: SINGLE (Line Drive, 89M) | Batting: RHB Rick McDonald | 0-0: Ball 1-0: Called Strike 1-1: Ball 2-1: Swinging Strike 2-2: Strikes out swinging | Batting: RHB Dave Rogers | 0-0: Foul Ball, location: 2F 0-1: Ball 1-1: Foul Ball, location: 2F 1-2: Strikes out swinging | Batting: RHB Dave Bennett | 0-0: Foul Ball, location: 2F 0-1: Called Strike 0-2: Strikes out looking | Bottom of the 6th over - 0 runs, 1 hit, 0 errors, 1 left on base; UCLA 5 - Stanford 1 | TOP OF THE 7TH |
---|
UCLA Bruins batting - Pitching for Stanford Cardinal : LHP Leonard Rowland | Batting: RHB Kent Bannatyne | 0-0: Called Strike 0-1: Foul Ball, location: 2F 0-2: Ball 1-2: Ball 2-2: Fly out, F8 (Flyball, 8LD) | Batting: RHB Lance Cherry | 0-0: Ball 1-0: SINGLE (Line Drive, 8LS) | Batting: LHB Federico Medina | 0-0: Ball 1-0: Called Strike 1-1: Called Strike 1-2: Ball 2-2: Strikes out swinging | Batting: LHB Manny Kennedy | 0-0: Ball 1-0: Ball 2-0: Foul Ball, location: 2F 2-1: Ball 3-1: Base on Balls Lance Cherry to second | Batting: RHB Jorge Pacheco | 0-0: Ball 1-0: Foul Ball, location: 2F 1-1: Swinging Strike 1-2: Ball 2-2: Foul Ball, location: 2F 2-2: Ball 3-2: Strikes out swinging | Top of the 7th over - 0 runs, 1 hit, 0 errors, 2 left on base; UCLA 5 - Stanford 1 | BOTTOM OF THE 7TH |
---|
Stanford Cardinal batting - Pitching for UCLA Bruins : RHP Cory Holmes | Batting: RHB Flint Ballard | 0-0: Ball 1-0: Called Strike 1-1: Ball 2-1: Ball 3-1: Base on Balls | Batting: RHB Aaron Grant | 0-0: Called Strike 0-1: Ball 1-1: Foul Ball, location: 2F 1-2: Foul Ball, location: 2F 1-2: Foul Ball, location: 2F 1-2: Strikes out swinging | Batting: LHB José Soto | 0-0: Foul Ball, location: 2F 0-1: Ball 1-1: Fly out, F8 (Flyball, 8RM) | Pitching: RHP Kevin Lester | | Batting: LHB Terry Barton | 0-0: Foul Ball, location: 2F 0-1: Ball 1-1: Ball 2-1: Ball 3-1: Fly out, F5 (Popup, 5SF) | Bottom of the 7th over - 0 runs, 0 hits, 0 errors, 1 left on base; UCLA 5 - Stanford 1 | TOP OF THE 8TH |
---|
UCLA Bruins batting - Pitching for Stanford Cardinal : LHP Leonard Rowland | Batting: RHB Juan Valdéz | 0-0: Ball 1-0: Called Strike 1-1: Foul Ball, location: 2F 1-2: SINGLE (Groundball, 4MD) | Pitching: RHP Stan Franco | | Batting: RHB Phil Thomas | 0-0: Bunt - Flyout! F1 | Batting: RHB John Pineau | 0-0: Called Strike 0-1: Ball 1-1: Ball Juan Valdéz steals 2nd base 2-1: Intentional Walk | Batting: SHB Lee Townsend | 0-0: Ball 1-0: Ball 2-0: Called Strike 2-1: Ball 3-1: Base on Balls Juan Valdéz to third John Pineau to second | Batting: RHB Kent Bannatyne | 0-0: Ball 1-0: Foul Ball, location: 2F 1-1: Ball 2-1: Foul Ball, location: 2F 2-2: Strikes out swinging | Batting: RHB Lance Cherry | 0-0: Ball 1-0: Fielders Choice at 2nd, U6 (Groundball, 6M) | Top of the 8th over - 0 runs, 1 hit, 0 errors, 3 left on base; UCLA 5 - Stanford 1 | BOTTOM OF THE 8TH |
---|
Stanford Cardinal batting - Pitching for UCLA Bruins : RHP Kevin Lester | Batting: SHB Gary King | 0-0: Swinging Strike 0-1: Ball 1-1: Ground out 4-3 (Groundball, 4M) | Batting: RHB Greg Nichols | 0-0: Ball 1-0: Ball 2-0: Called Strike 2-1: Fly out, F9 (Flyball, 89M) | Batting: RHB Rick McDonald | 0-0: Fly out, F8 (Flyball, 8RD) | Bottom of the 8th over - 0 runs, 0 hits, 0 errors, 0 left on base; UCLA 5 - Stanford 1 | TOP OF THE 9TH |
---|
UCLA Bruins batting - Pitching for Stanford Cardinal : RHP Stan Franco | Batting: LHB Federico Medina | 0-0: Called Strike 0-1: Ball 1-1: Swinging Strike 1-2: Foul Ball, location: 2F 1-2: Ball 2-2: Foul Ball, location: 2F 2-2: Ball 3-2: Strikes out looking | Batting: LHB Manny Kennedy | 0-0: Called Strike 0-1: Ball 1-1: Ball 2-1: Ground out 4-3 (Groundball, 4MS) | Batting: RHB Jorge Pacheco | 0-0: SINGLE (Groundball, 6D) | Batting: RHB Juan Valdéz | 0-0: Ball 1-0: Ball 2-0: Fielders Choice at 2nd, 6-4 (Groundball, 6) | Top of the 9th over - 0 runs, 1 hit, 0 errors, 1 left on base; UCLA 5 - Stanford 1 | BOTTOM OF THE 9TH |
---|
Stanford Cardinal batting - Pitching for UCLA Bruins : RHP Kevin Lester | Batting: RHB Dave Rogers | 0-0: Called Strike 0-1: Fly out, F9 (Flyball, 9) | Batting: RHB Dave Bennett | 0-0: Ball 1-0: Called Strike 1-1: Called Strike 1-2: Ball 2-2: Ball 3-2: Strikes out swinging | Batting: RHB Flint Ballard | 0-0: Called Strike 0-1: Fly out, F5 (Popup, 25F) | Bottom of the 9th over - 0 runs, 0 hits, 0 errors, 0 left on base; UCLA 5 - Stanford 1 | |